 Dungeon Sprint DCSS version 0.16-a0-3781-g2316936 (console) character file.

354 Monkaria the Cleaver (level 6, -3/66 HPs)
             Began as a Hill Orc Fighter on Jan 25, 2015.
             Was an Initiate of Makhleb.
             Slain by a slime creature (5 damage)
             ... in the Dungeon (Sprint I: "Red Sonja").
             The game lasted 00:02:00 (663 turns).

Monkaria the Cleaver (Hill Orc Fighter)              Turns: 663, Time: 00:02:00

Health: -3/66      AC:  6    Str: 21    XL:     6   Next: 63%
Magic:  6/6        EV:  7    Int:  8    God:    Makhleb [......]
Gold:   314        SH:  9    Dex: 10    Spells: 0 memorised, 5 levels left

rFire  . . .     SeeInvis .     a - +0 war axe
rCold  . . .     Clarity  .     b - +0 scale mail
rNeg   . . .     SustAb   .     c - +0 shield
rPois  .         Gourm    .     (no helmet)
rElec  .         Spirit   .     (no cloak)
rCorr  .         Warding  .     (no gloves)
rMut   .         NoTele   +     (no boots)
MR     .....                    (no amulet)
Stlth  ..........               (no ring)
                                (no ring)

@: not resistant to hostile enchantments, extremely unstealthy
A: no striking features
a: Renounce Religion


You were in the Dungeon.
You worshipped Makhleb.
Makhleb was noncommittal.
You were not hungry.

You visited 1 branch You collected 314 gold pieces.

Inventory:

Hand weapons
 a - a +0 war axe (weapon)
Armour
 b - a +0 scale mail (worn)
 c - a +0 shield (worn)
Scrolls
 k - 2 scrolls of blinking
Potions
 e - a potion of might
 f - a potion of curing
 g - a potion of heal wounds
 h - a potion of haste
 i - 2 potions of magic
 j - a potion of berserk rage
 l - a potion of lignification {unknown}
Comestibles
 d - a meat ration


   Skills:
 - Level 10.0 Fighting
 * Level 14.0 Axes
 + Level 3.2 Armour
 - Level 3.2 Shields


You had 5 spell levels left.
You didn't know any spells.

Dungeon Overview and Level Annotations

Branches:
Dungeon (1/1)

Altars:
Cheibriados
Dithmenos
Elyvilon
Fedhas
Gozag
Kikubaaqudgha
Makhleb
Nemelex Xobeh
Okawaru
Qazlal
Ru
Sif Muna
Trog
Vehumet
Xom
Yredelemnul
Zin
The Shining One
Jiyva

Shops:
D %


Message History

* * * LOW HITPOINT WARNING * * *
You barely miss the slime creature.
The slime creature is lightly wounded.
You hit the slime creature.
The slime creature is lightly wounded.
The slime creature hits you!
* * * LOW HITPOINT WARNING * * *
You slash the slime creature!
The slime creature is moderately wounded.
You block the slime creature's attack.
You hit the slime creature.
The slime creature is heavily wounded.
You block the slime creature's attack.
You slash the slime creature!
The slime creature is heavily wounded.
The slime creature hits you but does no damage.
You slash the slime creature!
The slime creature is severely wounded.
The slime creature hits you.
You die...

#<.#..)..#..'..#__#
#..'÷.#..'..#..'^.+
#..#####'#####'#__#
#..####..#...#.####
#..#__####..##.#
#..#_..__##'#..+
#⌠⌠#_.∩...'..._#
####_..._##_.#J#
#_____###+#@#
####### ###


You could see a slime creature.

Vanquished Creatures
  A yak (D)
  An ogre (D)
  Sigmund (D)
  A jelly (D)
  Ijyb (D)
5 creatures vanquished.

Notes
Turn   | Place    | Note
--------------------------------------------------------------
     0 | D        | Monkaria, the Hill Orc Fighter, began the quest for the Orb.
     0 | D        | Reached XP level 1. HP: 19/19 MP: 1/1
     1 | D        | Noticed Ijyb
    16 | D        | Killed Ijyb
    16 | D        | Reached skill level 5 in Fighting
    16 | D        | Reached skill level 6 in Axes
    16 | D        | Reached XP level 2. HP: 18/29 MP: 2/2
   136 | D        | Noticed an ogre
   141 | D        | Killed an ogre
   141 | D        | Reached skill level 7 in Fighting
   141 | D        | Reached skill level 9 in Axes
   141 | D        | Reached XP level 3. HP: 10/39 MP: 3/3
   141 | D        | Reached XP level 4. HP: 12/47 MP: 4/4
   372 | D        | Noticed Sigmund
   394 | D        | Killed Sigmund
   394 | D        | Reached skill level 11 in Axes
   394 | D        | Reached XP level 5. HP: 23/53 MP: 5/5
   569 | D        | Found a deep blue altar of Sif Muna.
   570 | D        | Noticed a jelly
   571 | D        | Found a radiant altar of Vehumet.
   574 | D        | Killed a jelly
   574 | D        | Reached skill level 12 in Axes
   601 | D        | Found Vosmor's Food Emporium.
   601 | D        | Found a white marble altar of Elyvilon.
   601 | D        | Found a stormy altar of Qazlal.
   601 | D        | Found a basalt altar of Yredelemnul.
   601 | D        | Found an iron altar of Okawaru.
   601 | D        | Found a sparkling altar of Nemelex Xobeh.
   601 | D        | Found a shimmering altar of Xom.
   601 | D        | Found an ancient bone altar of Kikubaaqudgha.
   601 | D        | Noticed a yak
   622 | D        | Killed a yak
   622 | D        | Reached skill level 10 in Fighting
   622 | D        | Reached skill level 14 in Axes
   622 | D        | Reached XP level 6. HP: 29/66 MP: 6/6
   623 | D        | Found a burning altar of Makhleb.
   623 | D        | Found a sacrificial altar of Ru.
   623 | D        | Found a glowing golden altar of the Shining One.
   623 | D        | Found an opulent altar of Gozag.
   623 | D        | Found a glowing silver altar of Zin.
   624 | D        | Found a bloodstained altar of Trog.
   630 | D        | Became a worshipper of Makhleb the Destroyer
   646 | D        | Found a viscous altar of Jiyva.
   646 | D        | Found a blossoming altar of Fedhas.
   646 | D        | Noticed a slime creature
   647 | D        | Found a snail-covered altar of Cheibriados.
   647 | D        | Found a shadowy altar of Dithmenos.
   659 | D        | HP: 1/66 [slime creature (15)]
   663 | D        | Slain by a slime creature

Action                   |  1- 3 |  4- 6 || total
-------------------------+-------+-------++-------
Melee: War axe           |    19 |    48 ||    67
